 Dungeon Crawl Stone Soup version 0.26.0-20-g3ca415f5b8 (webtiles) character file.

Game seed: 2652719816825540620

266 teolandon225 the Sneak (level 6, -3/28 HPs)
             Began as a Spriggan Enchanter on Jan 25, 2021.
             Slain by Sigmund
             ... wielding a +0 scythe
              (8 damage)
             ... on level 3 of the Dungeon.
             The game lasted 00:07:42 (4021 turns).

teolandon225 the Sneak (Spriggan Enchanter)         Turns: 4021, Time: 00:07:43

Health: -3/28      AC:  2    Str:  4    XL:     6   Next: 0%
Magic:  7/11       EV: 20    Int: 18    God:
Gold:   154        SH:  0    Dex: 17    Spells: 1/10 levels left

rFire    . . .     SeeInvis +   a - +1 dagger
rCold    . . .     Faith    .   (shield restricted)
rNeg     . . .     Spirit   .   b - +0 robe
rPois    .         Reflect  .   (helmet restricted)
rElec    .         Harm     .   d - scarf {repulsion}
rCorr    .         Rampage  .   (gloves unavailable)
Will     +....                  (boots unavailable)
Stlth    ++++......             (no amulet)
HPRegen  0.09/turn              (no ring)
MPRegen  0.12/turn              (no ring)

@: repel missiles, very quick
A: very small, unfitting armour, see invisible, speed 3
a: no special abilities


You were on level 3 of the Dungeon.
You visited 1 branch of the dungeon, and saw 3 of its levels.

You collected 154 gold pieces.

Inventory:

Hand Weapons
 a - a +1 dagger (weapon)
Armour
 b - a +0 robe (worn)
 d - a scarf of repulsion (worn)
 r - a +0 buckler
 s - a +0 cloak
Jewellery
 e - an uncursed amulet of magic regeneration {unknown}
 f - a +6 ring of strength {unknown}
 h - an uncursed ring of magical power {unknown}
 i - an uncursed ring of protection from fire
Scrolls
 c - 5 scrolls of remove curse {unknown}
 g - 9 scrolls of identify {unknown}
 k - a scroll of immolation {unknown}
 n - a scroll of teleportation {unknown}
 o - a scroll of amnesia {unknown}
 p - a scroll of blinking {unknown}
Potions
 j - a potion of lignification {unknown}
 l - 4 potions of curing {unknown}
 m - a potion of berserk rage {unknown}
 q - a potion of heal wounds {unknown}


   Skills:
 - Level 1.1 Short Blades
 + Level 4.8 Dodging
 * Level 7.4 Stealth
 - Level 2.6 Spellcasting
 * Level 5.8 Hexes


You had one spell level left.
You knew the following spells:

 Your Spells              Type           Power        Failure   Level
e - Tukima's Dance        Hex            23%          4%          3
q - Ensorcelled Hibernat  Hex/Ice        24%          8%          2
r - Corona                Hex            25%          1%          1
w - Confusing Touch       Hex            23%          4%          3

Your spell library contained the following spells:

 Spells                   Type           Power        Failure   Level
 Dazzling Flash           Conj/Hex       24%          16%         3


Dungeon Overview and Level Annotations

Branches:
Dungeon (3/15)

Altars:
Elyvilon
Fedhas

Annotations:
D:2 exclusion: downstairs
D:3 Sigmund


Innate Abilities, Weirdness & Mutations

You are very small and have problems with some larger weapons.
You are too small for most types of armour.
You have supernaturally acute eyesight. (SInv)
You cover ground extremely quickly.


Message History

Sigmund misses you.
You closely miss Sigmund.
Sigmund is almost dead.
Sigmund casts a spell at you.
The puff of flame is repelled.
Okay, then.
You barely miss Sigmund.
Sigmund is almost dead.
Sigmund casts a spell at you. The puff of flame hits you!
* * * LOW HITPOINT WARNING * * *
Sigmund misses you.
You hit Sigmund.
Sigmund is almost dead.
Sigmund misses you.
You hit Sigmund but do no damage.
Sigmund is almost dead.
Your magical contamination has completely faded away.
Sigmund hits you from afar with a +0 scythe!
You die...

#####.# ###### #######
#.....# ##.....##.....##
#.....#
#..............###....)#
......).........##)...<#
................#....).#
................##..##.#
.....<.?........##.....#
.......@........##.....#
................####...#
#........@.............#
##.............####....#
..##..#...####..........
.. #....... #.......#..
...................#..
.###.###........#...#..
#. #####.......h.##


You could see Sigmund (fast).

Vanquished Creatures
  An ogre (D:3)
  Crazy Yiuf (D:3)
  A hound (D:2)
  6 adders
  An ooze (D:1)
  2 worms
  3 dart slugs
  A leopard gecko (D:2)
  An orc (D:2)
  7 bats
  A giant cockroach (D:1)
  8 goblins
  7 hobgoblins
  A jackal (D:3)
  6 kobolds
  2 frilled lizards
  5 rats
54 creatures vanquished.

Notes
Turn   | Place    | Note
-------+----------+-------------------------------------------
     0 | D:1      | teolandon225 the Spriggan Enchanter began the quest for the
                  | Orb.
     0 | D:1      | Reached XP level 1. HP: 9/9 MP: 5/5
   681 | D:1      | Reached XP level 2. HP: 13/13 MP: 6/6
   687 | D:1      | Learned a level 2 spell: Ensorcelled Hibernation
   790 | D:1      | Reached skill level 5 in Stealth
  1136 | D:1      | Reached XP level 3. HP: 16/16 MP: 0/8
  1140 | D:1      | Learned a level 3 spell: Confusing Touch
  1476 | D:2      | Found a white marble altar of Elyvilon.
  1622 | D:2      | Found a blossoming altar of Fedhas.
  2004 | D:2      | Reached XP level 4. HP: 16/21 MP: 2/9
  2132 | D:2      | Reached skill level 6 in Stealth
  2947 | D:3      | Noticed Sigmund
  3230 | D:2      | Reached skill level 5 in Hexes
  3335 | D:2      | Reached XP level 5. HP: 21/24 MP: 3/10
  3339 | D:2      | Learned a level 3 spell: Tukima's Dance
  3416 | D:3      | Found a runed translucent door.
  3417 | D:3      | Noticed Crazy Yiuf
  3432 | D:3      | Killed Crazy Yiuf
  3542 | D:3      | Noticed an ogre
  3652 | D:3      | Killed an ogre
  3653 | D:3      | Reached skill level 7 in Stealth
  3880 | D:3      | Reached XP level 6. HP: 16/28 MP: 6/11
  4021 | D:3      | Slain by Sigmund

Illustrated notes

Levels and vault maps discovered:
D:1:      dpeg_arrival_arbitrary_a, layout_basic, minmay_tiny_reverse_x
D:2:      layout_basic, lemuel_round_altar, fedhas_altar_fruit_tree
D:3:      layout_rooms, lemuel_round_altar, lemuel_coloured_pillars_altar,
          uniq_crazy_yiuf_cottage, uniq_sigmund

Skill      XL: |  1  2  3  4  5 |
---------------+----------------+-----
Hexes          | 4 5 |  5.8
Stealth        | 5 6 7 |  7.4
Dodging        | 4 |  4.8
Short Blades   | |  1.1
Spellcasting   | |  2.6

Action                   |  1- 3 |  4- 6 || total
-------------------------+-------+-------++-------
Melee: Dagger            |    69 |    31 ||   100
 Cast: Corona            |     8 |       ||     8
       Ensorcelled Hiber |    30 |    37 ||    67
 Stab: Sleeping          |    22 |    22 ||    44
Armor: Robe              |     6 |     1 ||     7
Dodge: Dodged            |    48 |    47 ||    95
       Repelled          |       |     1 ||     1
